 Dungeon Crawl Stone Soup version 0.24-a0-417-g1cce26a (webtiles) character file.

Game seed: 5886495755120502707

2774 Deathlysoul the Skirmisher (level 9, -1/81 HPs)
             Began as a Minotaur Fighter on June 10, 2019.
             Was a Priest of Okawaru.
             Splashed by a jelly's acid (2 damage)
             ... on level 8 of the Dungeon.
             The game lasted 00:09:17 (7523 turns).

Deathlysoul the Skirmisher (Minotaur Fighter)       Turns: 7523, Time: 00:09:18

Health: -1/81      AC: 12    Str: 22    XL:     9   Next: 42%
Magic:  8/8        EV:  8    Int:  5    God:    Okawaru [***...]
Gold:   408        SH: 11    Dex: 12    Spells: 8/8 levels left

rFire    . . .     SeeInvis .   a - +0 war axe
rCold    . . .     Gourm    .   c - +0 shield
rNeg     . . .     Faith    .   p - +0 plate armour
rPois    .         Spirit   .   (helmet restricted)
rElec    .         Reflect  .   (no cloak)
rCorr    .         Harm     .   y - +0 pair of gloves
MR       .....                  A - +0 pair of boots
Stlth    ..........             (no amulet)
HPRegen  0.23/turn              (no ring)
MPRegen  0.11/turn              (no ring)

@: lethally poisoned (-1 -> -5), corroded
A: retaliatory headbutt, horns 2
a: Heroism, Renounce Religion


You were on level 8 of the Dungeon.
You worshipped Okawaru.
Okawaru was most pleased with you.
You were very hungry.

You visited 1 branch of the dungeon, and saw 8 of its levels.

You collected 408 gold pieces.

Inventory:

Hand Weapons
 a - a +0 war axe (weapon)
Armour
 b - a +0 scale mail
 c - a +0 shield (worn)
 p - a +0 plate armour (worn)
 y - a +0 pair of gloves (worn)
 A - a +0 pair of boots (worn)
Jewellery
 C - a +3 ring of strength {unknown}
 J - an uncursed ring of poison resistance {unknown}
Wands
 E - a wand of paralysis (6)
 F - a wand of disintegration (12)
 I - a wand of flame (15)
Scrolls
 g - a scroll of magic mapping {unknown}
 k - 5 scrolls of remove curse {unknown}
 l - 4 scrolls of enchant armour {unknown}
 o - 6 scrolls of identify {unknown}
 q - 6 scrolls of teleportation {unknown}
 t - a scroll of random uselessness {unknown}
 v - a scroll of blinking {unknown}
 x - a scroll of amnesia {unknown}
 B - a scroll of fog {unknown}
 D - a scroll of enchant weapon {unknown}
Potions
 d - 3 potions of might
 e - a potion of agility {unknown}
 h - 3 potions of degeneration {unknown}
 i - 2 potions of curing {unknown}
 j - 2 potions of brilliance {unknown}
 m - 2 potions of mutation {unknown}
 n - 2 potions of lignification {unknown}
 r - 2 potions of heal wounds {unknown}
 s - a potion of magic {unknown}
 u - 3 potions of ambrosia {unknown}
 w - 2 potions of invisibility
 z - a potion of cancellation {unknown}
 H - a potion of resistance {unknown}
Comestibles
 f - 12 rations


   Skills:
 * Level 7.9 Fighting
 * Level 7.4 Axes
 * Level 7.8 Armour
 * Level 6.2 Dodging
 * Level 7.8 Shields


You had 8 spell levels left.
You didn't know any spells.
Your spell library contained the following spells:

 Spells                   Type           Power        Failure   Level  Hunger
 Freeze                   Ice            #...         100%        1    ##.....
 Sandblast                Erth           #.....       100%        1    ##.....
 Passwall                 Tmut/Erth      #.......     100%        2    ###....
 Throw Frost              Conj/Ice       #.....       100%        2    ###....
 Ozocubu's Armour         Chrm/Ice       #.......     100%        3    ####...
 Stone Arrow              Conj/Erth      #.....       100%        3    ####...
 Petrify                  Tmut/Erth      #.......     100%        4    #####..
 Summon Ice Beast         Ice/Summ       #.......     100%        4    #####..
 Throw Icicle             Conj/Ice       #.......     100%        4    #####..
 Lee's Rapid Deconstruct  Erth           #.........   100%        5    ######.


Dungeon Overview and Level Annotations

Branches:
Dungeon (8/15)             Temple (0/1) D:6
   Lair: D:8-11

Altars:
Cheibriados
Dithmenos
Elyvilon
Fedhas
Gozag
Makhleb
Okawaru
Qazlal
Ru
Sif Muna
Uskayaw
Vehumet

Shops:
D:6 }

Annotations:
D:6 Blork the orc


Innate Abilities, Weirdness & Mutations

You reflexively headbutt those who attack you in melee.
You have a pair of horns on your head.


Message History

Okawaru accepts your kill.
You closely miss the orc.
You are feeling very hungry.
You feel sick. The orc barely misses you.
You hit the jelly. The acid corrodes you!
Your hands burn!
* * * LOW HITPOINT WARNING * * *
The jelly is lightly wounded.
You hit the orc.
You feel sick. You block the orc's attack. You block the jelly's attack.
The orc hits you but does no damage. The jelly hits you but does no damage.
You hit the jelly.
Your hands burn!
* * * LOW HITPOINT WARNING * * *
You headbutt the jelly, but do no damage.
The jelly is moderately wounded.
Your shield and plate armour prevent you from hitting the orc.
You feel sick. The orc hits you.
* * * LOW HITPOINT WARNING * * *
The jelly hits you but does no damage.
You hit the jelly but do no damage.
Your hands burn!
You die...

#..... .. #..... ....
#..... ..< #..... ###..
#..... ###..### #.##..
###....#.####.##..
###o........'....#..
#oJ@...)....#....#..
#..o##........#....#..
##.. #........#....#..
.'.# #...)....#...##..
..###...##....##...##..
....
#...###....##>..##..
...
#..####....##[[)##.. .#
.......?......)[[....
..######.............


You could see a jelly, an orc priest and 2 orcs.

Vanquished Creatures
  Grinder (D:3)
  3 hippogriffs
  Eustachio (D:5)
  A water moccasin (D:5)
  3 ogres
  2 sky beasts
  A black bear (D:7)
  3 centaurs
  A howler monkey (D:6)
  2 crimson imps
  8 orc wizards
  7 orc priests
  2 bullfrog skeletons
  2 hounds (D:4)
  Ijyb (D:5)
  An iguana (D:6)
  3 worker ants
  2 hound skeletons (D:5)
  A worker ant zombie (D:6)
  A howler monkey skeleton (D:5)
  10 adders
  A river rat (D:5)
  An adder zombie (D:8)
  3 adder skeletons (D:4)
  2 worms
  5 leopard geckos
  23 orcs
  12 bats
  4 giant cockroaches
  9 goblins
  8 hobgoblins
  8 jackals
  3 quokkas
  3 ball pythons
  3 frilled lizards
  10 kobolds
  12 rats
163 creatures vanquished.

Vanquished Creatures (others)
  An orc wizard (D:3)
  A quokka (D:5)
2 creatures vanquished.

Grand Total: 165 creatures vanquished

Notes
Turn   | Place    | Note
-------+----------+-------------------------------------------
     0 | D:1      | Deathlysoul the Minotaur Fighter began the quest for the
                  | Orb.
     0 | D:1      | Reached XP level 1. HP: 19/19 MP: 0/0
    27 | D:1      | You fall into a shaft and drop 1 floor!
   176 | D:2      | Reached XP level 2. HP: 22/27 MP: 1/1
   202 | D:2      | Found an opulent altar of Gozag.
   641 | D:2      | Reached skill level 1 in Dodging
   901 | D:1      | Reached XP level 3. HP: 33/33 MP: 2/2
  1495 | D:3      | Found a radiant altar of Vehumet.
  1504 | D:3      | Reached XP level 4. HP: 27/40 MP: 3/3
  1656 | D:3      | Found an iron altar of Okawaru.
  1666 | D:3      | Became a worshipper of Warmaster Okawaru
  1734 | D:3      | Found a stormy altar of Qazlal.
  1919 | D:3      | Noticed Grinder
  1920 | D:3      | Noticed a +0 hand axe
  1920 | D:3      | Noticed a +0 hand axe
  1924 | D:3      | Found a hide-covered altar of Uskayaw.
  1932 | D:3      | Killed Grinder
  1932 | D:3      | Reached * piety under Okawaru
  1932 | D:3      | Reached XP level 5. HP: 15/47 MP: 4/4
  1932 | D:3      | Reached XP level 6. HP: 18/55 MP: 5/5
  2351 | D:3      | Found a shadowy altar of Dithmenos.
  2363 | D:3      | Reached skill level 5 in Fighting
  2369 | D:3      | Reached skill level 5 in Armour
  2369 | D:3      | Reached skill level 5 in Shields
  2635 | D:4      | Found a blossoming altar of Fedhas.
  2973 | D:4      | Found a snail-covered altar of Cheibriados.
  3368 | D:5      | Entered Level 5 of the Dungeon
  3380 | D:5      | Reached XP level 7. HP: 61/61 MP: 6/6
  3396 | D:5      | Reached ** piety under Okawaru
  3511 | D:5      | Reached skill level 5 in Axes
  3565 | D:5      | Noticed Ijyb
  3575 | D:5      | Killed Ijyb
  3752 | D:5      | Found a white marble altar of Elyvilon.
  3871 | D:5      | Noticed Eustachio
  3923 | D:5      | HP: 1/63 [Eustachio/+0 falchion of electrocution (14)]
  3925 | D:5      | Killed Eustachio
  3925 | D:5      | Reached XP level 8. HP: 1/70 MP: 7/7
  4548 | D:5      | Found a burning altar of Makhleb.
  5146 | D:6      | Found a staircase to the Ecumenical Temple.
  5155 | D:6      | Reached skill level 5 in Dodging
  5274 | D:6      | Found Restroxt's Gadget Emporium.
  5448 | D:6      | Reached *** piety under Okawaru
  5952 | D:6      | Noticed Blork the orc
  5963 | D:6      | Found a deep blue altar of Sif Muna.
  6106 | D:6      | Found an opulent altar of Gozag.
  6417 | D:7      | Noticed a hippogriff
  6431 | D:6      | Killed a hippogriff
  6661 | D:7      | Reached XP level 9. HP: 78/79 MP: 8/8
  6781 | D:7      | You fall into a shaft and drop 1 floor!
  7146 | D:7      | Found a sacrificial altar of Ru.
  7522 | D:8      | HP: 1/81 [orc (4)]
  7523 | D:8      | Splashed by a jelly's acid

Levels and vault maps discovered:
D:1:      dpeg_arrival_chase, layout_basic, minmay_tall_x
D:2:      layout_basic, grunt_gozag_statues, first_ration
D:3:      layout_loops_cross, lemuel_round_altar, dancing_weapons_uskayaw,
          grunt_dithmenos_smoke, fiery_altar_vehumet,
          nicolae_qazlal_general_emergency, uniq_grinder
D:4:      layout_rooms, cheibriados_altar_1, serial_rivers,
          chequers_serial_rivers_marsh, chequers_serial_rivers_large_a,
          chequers_serial_rivers_room_b, chequers_serial_rivers_marsh,
          chequers_serial_rivers_small_b, chequers_serial_rivers_small_3,
          fedhas_altar_4
D:5:      layout_basic, elyvilon_altar_4, kennysheep_little_box,
          portal_sewer_entry_e, uniq_eustachio, uniq_ijyb
D:6:      layout_loops_ring, tgw_sif, minmay_temple_entry_mini_moons,
          basic_altar, serial_shops, shop, serial_bayou_lagoon_b
D:7:      layout_rooms, nicolae_overflow_hidden_temple
D:8:      minmay_slanted_spiral_squares, layout_gridville, kennysheep_diamond

Skill      XL: |  1  2  3  4  5  6  7  8  9 |
---------------+----------------------------+-----
Dodging        | 1 2 3 4 5 6 |  6.2
Fighting       | 4 5 6 7 |  7.9
Armour         | 4 5 6 7 |  7.8
Shields        | 4 5 6 7 |  7.8
Axes           | 3 4 5 6 7 |  7.4

Action                   |  1- 3 |  4- 6 |  7- 9 || total
-------------------------+-------+-------+-------++-------
Melee: War axe           |   102 |   113 |   305 ||   520
       Headbutt          |    13 |    19 |    58 ||    90
  Eat: Chunk             |     2 |     6 |     6 ||    14
       Ration            |       |       |     2 ||     2
Armor: Scale mail        |    11 |       |       ||    11
       Plate armour      |    55 |    84 |   202 ||   341
Dodge: Dodged            |    26 |    23 |    74 ||   123
Block: Shield            |    61 |    55 |   189 ||   305

Table legend:
 A = Non-vault XP
 B = Vault XP
 C = Vault XP percentage of total XP
 D = Non-vault monster count
 E = Vault monster count
 F = Vault count percentage of total count
                 A         B        C        D         E       F
            +---------+---------+-------+---------+---------+-------
      Total |    2835 |    1129 |  28.5 |     145 |      19 |  11.6
            +---------+---------+-------+---------+---------+-------
        D:1 |      43 |       8 |  15.7 |      26 |       4 |  13.3
        D:2 |      39 |       0 |   0.0 |      12 |       0 |   0.0
        D:3 |     163 |     272 |  62.5 |      20 |       1 |   4.8
        D:4 |     202 |       0 |   0.0 |      17 |       0 |   0.0
        D:5 |     974 |     247 |  20.2 |      29 |      10 |  25.6
        D:6 |     695 |       0 |   0.0 |      17 |       0 |   0.0
        D:7 |     289 |       0 |   0.0 |       7 |       0 |   0.0
        D:8 |     430 |     602 |  58.3 |      17 |       4 |  19.0
            +---------+---------+-------+---------+---------+-------
